 Dungeon Crawl Stone Soup version 0.31-a0-446-g07c4bd200f (webtiles) character file.

Game seed: 10275524098800261481

25659 Ethylacetat the Spear-Bearer (level 13, -1/72 HPs)
             Began as a Vine Stalker Monk on Aug 2, 2023.
             Shot with an arrow by Nessos (5 damage)
             ... on level 13 of the Dungeon on Aug 3, 2023.
             The game lasted 00:36:56 (10184 turns).

Ethylacetat the Spear-Bearer (Vine Stalker Monk)   Turns: 10184, Time: 00:36:56

Health: -1/72      AC: 12    Str: 15    XL:     13   Next: 21%
Magic:  0/28       EV: 10    Int: 10    God:
Gold:   8          SH:  0    Dex: 21    Spells: 32/32 levels left

rFire   + . .        f - +13 scythe of Curses {drain, curses, Drain}
rCold   . . .        (shield currently unavailable)
rNeg    . . .        e - +0 plate armour
rPois   .            (no helmet)
rElec   .            D - scarf {shadows}
rCorr   .            t - +1 Delatra's gloves {ID++}
SInv    .            (no boots)
Will    +....        j - amulet of regeneration Stlth
                     r - ring of protection from fire
HPRegen 1.92/turn    k - +5 ring of evasion
MPRegen 0.21/turn

%: guardian spirit
@: lethally poisoned (-1 -> -8)
A: fangs 3, regeneration 1, magic shield, antimagic bite, no potion heal 2
a: no special abilities


You were on level 13 of the Dungeon.
You visited 2 branches of the dungeon, and saw 14 of its levels.
You also visited: Bailey.

You collected 892 gold pieces.
You spent 884 gold pieces at shops.

Inventory:

Hand Weapons
 f - the +13 scythe of Curses (weapon) {drain, curses, Drain}
   (You found it in a bailey)

   Drain:     It drains your maximum health when unequipped.
Missiles
 a - 2 curare-tipped darts (quivered)
Armour
 e - a +0 plate armour (worn)
 t - the +1 Delatra's gloves (worn) {ID++}
   (You found it on level 4 of the Dungeon)

   ID++:      It heals its wearer when they drink unknown potions, and restores
   their MP when they read unknown scrolls.
 z - a +2 cloak
 D - a scarf of shadows (worn)
Jewellery
 j - an amulet of regeneration (around neck)
 k - a +5 ring of evasion (right hand)
 r - a ring of protection from fire (left hand)
 x - a ring of see invisible
 H - a ring of protection from cold
Wands
 c - a wand of roots (13)
 l - a wand of charming (10)
 n - a wand of flame (25)
 p - a wand of mindburst (2)
 w - a wand of polymorph (8)
Scrolls
 b - a scroll of fear
 d - 13 scrolls of identify
 h - 6 scrolls of immolation
 q - 3 scrolls of fog {unknown}
 s - a scroll of brand weapon {unknown}
 u - 2 scrolls of enchant armour {unknown}
 v - 4 scrolls of teleportation
 y - a scroll of poison {unknown}
 C - 2 scrolls of acquirement
 F - a scroll of butterflies {unknown}
 G - 2 scrolls of enchant weapon
 K - a scroll of amnesia
Potions
 g - a potion of brilliance
 i - a potion of might {unknown}
 m - a potion of mutation {unknown}
 A - a potion of curing
 B - a potion of resistance {unknown}
 E - a potion of ambrosia
 I - a potion of cancellation {unknown}
 J - a potion of enlightenment {unknown}


   Skills:
 + Level 9.8 Fighting
 * Level 12.5 Polearms
 - Level 2.5 Dodging
 - Level 10.9 Unarmed Combat
 + Level 10.1 Spellcasting


You had 32 spell levels left.
You didn't know any spells.
Your spell library contained the following spells:

 Spells                   Type           Power      Damage    Failure   Level
 Magic Dart               Conj           20%        1d4       100%        1
 Sting                    Tmut/Pois      20%        1d4       100%        1
 Call Imp                 Summ           10%        N/A       100%        2
 Ensorcelled Hibernation  Hex/Ice        10%        N/A       100%        2
 Passwall                 Tmut/Erth      4%         N/A       100%        2
 Poisonous Vapours        Pois/Air       10%        N/A       100%        2
 Dazzling Flash           Conj/Hex       10%        N/A       100%        3
 Inner Flame              Hex/Fire       5%         N/A       100%        3
 Mephitic Cloud           Conj/Pois/Air  5%         N/A       100%        3
 Swiftness                Air            5%         N/A       100%        3
 Tukima's Dance           Hex            5%         N/A       100%        3
 Flame Wave               Conj/Fire      5%         2d5       100%        4
 Manifold Assault         Tloc           5%         N/A       100%        4
 Olgreb's Toxic Radiance  Pois           5%         N/A       100%        4
 Passage of Golubria      Tloc           5%         N/A       100%        4
 Sticky Flame             Conj/Fire      5%         2d3       100%        4
 Agony                    Necr           5%         N/A       100%        5
 Freezing Cloud           Conj/Ice/Air   2%         6-21      100%        5
 Silence                  Hex/Air        2%         N/A       100%        5
 Yara's Violent Unravell  Hex/Tmut       2%         3d3       100%        5
 Dispersal                Tloc           2%         N/A       100%        6
 Discord                  Hex            2%         N/A       100%        8
 Disjunction              Tloc           2%         N/A       100%        8
 Ignition                 Fire           2%         3d3       100%        8


Dungeon Overview and Level Annotations

Branches:
Dungeon (13/15)            Temple (1/1) D:6            Lair (0/5) D:10
    Orc (0/2) D:12         Vaults (0/5) D:13         Bailey (visited)

Altars:
Ashenzari
Cheibriados
Dithmenos
Elyvilon
Fedhas
Gozag
Hepliaklqana
Kikubaaqudgha
Makhleb
Nemelex Xobeh
Okawaru
Qazlal
Ru
Sif Muna
Trog
Uskayaw
Vehumet
Wu Jian
Xom
Yredelemnul
Zin
The Shining One
Lugonu

Shops:
D:6 :   D:8 :   D:9 *   D:12 ?

Annotations:
D:11 2 transporters
D:13 Nessos


Innate Abilities, Weirdness & Mutations

You have razor-sharp teeth.
Your natural rate of healing is unusually fast.
When hurt, damage is shared between your health and your magic reserves.
Your bite disrupts and absorbs the magic of your enemies.
Potions cannot restore your health.


Message History

You are more poisoned.
* * * LOW HITPOINT WARNING * * *
Nessos shoots an arrow.
The arrow hits you.
* * * LOW HITPOINT WARNING * * *
The arrow burns you.
You are more poisoned.
* * * LOW HITPOINT WARNING * * *
Your system rejects the healing.
You feel better.
Nessos shoots an arrow.
The arrow hits you!
* * * LOW HITPOINT WARNING * * *
You are poisoned.
Nessos shoots an arrow.
The arrow hits you.
* * * LOW HITPOINT WARNING * * *
Okay, then.
Blink to where?
Press: ? - help, Dir - move target, p - Nessos
As you read the scroll of blinking, it crumbles to dust.
You feel very sick.
You feel very sick.
You close the door.
You feel sick.
Okay, then.
You feel sick.
You feel sick.
Nessos opens the door.
As you read the scroll of fear, it crumbles to dust.
You assume a fearsome visage.
Nessos looks frightened!
You feel sick.
Nessos mumbles some strange words.
Nessos blinks!
Nessos mumbles some strange words.
Nessos blinks!
You feel sick.
Nessos mumbles some strange words.
Nessos blinks!
There is a stone staircase leading up, spattered with blood here.
Things that are here:
4 large rocks; a cyclops corpse You feel sick.
Nessos shoots an arrow.
The arrow hits you!
* * * LOW HITPOINT WARNING * * *
You are lethally poisoned!
Nessos shoots an arrow.
The arrow hits you!
You die...

#.........## .. #.........##
##'#
..######..........####....
...<...'.§c..).)...##.#...
.>......#............#.....
........##'#'####....'...∩.
.........#.#†........#.)...
#..###......####...##.#...
#........@#.# #..## #....
###..##...#.#.# #.## ###'#
............#.# ##.## ##...
###..#.######.###...####....
#.............#......##.....
#.#..#.########..#.....)....
# #....#.# #.....###.###.
#.#... #)# #.##### #)# #.
#..... #)# #.# #.# #.


You could see Nessos (fast, drained).

Vanquished Creatures
  Kirke (D:13)
  An orc warlord (Bailey)
  Josephine (D:11)
  A hydra (D:9)
  4 vault guards (D:13)
  A centaur warrior (D:13)
  2 two-headed ogres
  2 deep elf pyromancers
  A cyclops (D:13)
  A faun (shapeshifter) (D:13)
  An ugly thing (D:11)
  Joseph (D:10)
  A kobold demonologist (D:11)
  3 komodo dragons
  A meliai (shapeshifter) (D:10)
  4 trolls
  2 slime creatures (D:13)
  A culicivora (shapeshifter) (D:13)
  10 yaks
  A shadow (D:12)
  2 vampires
  3 steam dragons
  A basilisk (D:10)
  6 wraiths
  3 vampire mosquitoes
  A hog (D:13)
  A warg (D:12)
  Menkaure (D:7)
  An acid dragon (D:12)
  2 water moccasins
  2 black bears
  3 ice beasts
  4 ogres
  3 sky beasts (D:7)
  8 orc warriors
  13 centaurs
  2 phantoms (D:5)
  3 kobold brigands
  A gnoll sergeant (D:10)
  A scorpion (D:5)
  3 bullfrogs
  8 wights
  2 killer bees
  3 howler monkeys
  4 jellies
  6 hounds
  Crazy Yiuf (D:3)
  A gnoll bouda (D:8)
  3 orc priests
  5 iguanas
  7 orc wizards
  Robin (D:2)
  7 adders
  13 gnolls
  2 shadow imps (D:7)
  A white imp (D:6)
  An ufetubus (D:5)
  3 worms (D:2)
  2 dart slugs
  33 orcs
  6 ball pythons
  11 endoplasms
  2 giant cockroaches
  20 goblins
  7 hobgoblins
  34 kobolds
  5 quokkas
  6 bats
  2 frilled lizards
  5 rats
305 creatures vanquished.

Vanquished Creatures (others)
  4 humans (D:13)
  A centaur (D:13)
  2 spectral weapons
7 creatures vanquished.

Grand Total: 312 creatures vanquished

Notes
Turn   | Place    | Note
-------+----------+-------------------------------------------
     0 | D:1      | Ethylacetat the Vine Stalker Monk began the quest for the
                  | Orb.
     0 | D:1      | Reached XP level 1. HP: 11/11 MP: 2/2
   189 | D:1      | Reached XP level 2. HP: 12/16 MP: 3/3
   406 | D:1      | Reached XP level 3. HP: 20/20 MP: 5/5
  1067 | D:2      | Reached skill level 1 in Spellcasting
  1509 | D:2      | Identified the +0 robe of Soft Rains {rF+}
  1547 | D:2      | Noticed Robin
  1555 | D:2      | Gained mutation: Your natural rate of healing is unusually
                  | fast. [Vine Stalker growth]
  1555 | D:2      | Reached XP level 4. HP: 24/24 MP: 5/7
  1574 | D:2      | HP: 1/24 [+7 spectral club[Robin] (5)]
  1576 | D:2      | Killed Robin
  1743 | D:2      | Found a faded altar of an unknown god.
  1750 | D:2      | Prayed at the altar of an unknown god.
  1750 | D:2      | Became a worshipper of the Shining One
  1750 | D:2      | Reached * piety under the Shining One
  1750 | D:2      | Reached ** piety under the Shining One
  1836 | D:3      | Found a glowing silver altar of Zin.
  1910 | D:3      | Found an iron altar of Okawaru.
  2134 | D:3      | Reached XP level 5. HP: 23/28 MP: 5/8
  2332 | D:3      | Reached *** piety under the Shining One
  2366 | D:3      | Found a runed translucent door.
  2367 | D:3      | Noticed Crazy Yiuf
  2377 | D:3      | Killed Crazy Yiuf
  2521 | D:4      | Noticed an ogre
  2526 | D:4      | Killed an ogre
  2527 | D:4      | Reached skill level 5 in Unarmed Combat
  2527 | D:4      | Reached XP level 6. HP: 14/33 MP: 2/10
  2854 | D:4      | Reached XP level 7. HP: 35/37 MP: 8/12
  3070 | D:4      | Found the +1 Delatra's gloves {ID++}
  3209 | D:5      | Entered Level 5 of the Dungeon
  3385 | D:5      | Gained mutation: You have razor-sharp teeth. [Vine Stalker
                  | growth]
  3385 | D:5      | Reached XP level 8. HP: 39/42 MP: 13/15
  3851 | D:6      | Reached skill level 5 in Fighting
  4043 | D:6      | Found a staircase to the Ecumenical Temple.
  4078 | Temple   | Entered the Ecumenical Temple
  4384 | D:6      | Reached skill level 5 in Spellcasting
  4710 | D:6      | Found Saciam's Book Shoppe.
  4808 | D:7      | Noticed a troll
  4816 | D:7      | Killed a troll
  4817 | D:7      | Reached XP level 9. HP: 38/48 MP: 14/18
  4883 | D:7      | Noticed Menkaure
  4889 | D:7      | Killed Menkaure
  5013 | D:7      | Found a shadowy altar of Dithmenos.
  5014 | D:7      | Reached **** piety under the Shining One
  5346 | D:7      | Found a glowing golden altar of the Shining One.
  5447 | D:8      | Reached skill level 10 in Unarmed Combat
  5497 | D:8      | Found a flagged portal.
  5498 | D:8      | Identified the +4 hand axe of Responsibility {pain, Str+3}
  5502 | Bailey   | Entered a bailey
  5507 | Bailey   | Noticed an orc warlord
  5507 | Bailey   | Found the +13 scythe of Curses {drain, curses, Drain}
  5552 | Bailey   | Reached XP level 10. HP: 34/53 MP: 13/21
  5621 | Bailey   | Found a runed translucent gate.
  5623 | Bailey   | Found a runed translucent gate.
  5625 | Bailey   | Found a runed translucent gate.
  5711 | Bailey   | Was placed under penance by the Shining One
  5735 | Bailey   | Killed an orc warlord
  5771 | Bailey   | Fell from the grace of the Shining One
  5863 | D:8      | Reached skill level 9 in Polearms
  5863 | D:8      | Reached XP level 11. HP: 58/58 MP: 14/22
  6210 | D:8      | Found Plog's Book Shoppe.
  6468 | D:9      | Found Kogeddi's Lightly-Used Armoury.
  6665 | D:9      | Found a white marble altar of Elyvilon.
  6686 | D:9      | Noticed a five-headed hydra
  6701 | D:9      | Killed a 12-headed hydra
  6828 | D:9      | Noticed a deep elf pyromancer
  6836 | D:9      | Killed a deep elf pyromancer
  7041 | D:9      | Reached skill level 10 in Polearms
  7258 | D:10     | Entered Level 10 of the Dungeon
  7449 | D:10     | Found an ornate altar of the Wu Jian Council.
  7451 | D:10     | Found a radiant altar of Vehumet.
  7452 | D:10     | Found a bloodstained altar of Trog.
  7452 | D:10     | Found a hazy altar of Hepliaklqana.
  7453 | D:10     | Found a sparkling altar of Nemelex Xobeh.
  7456 | D:10     | Found a hide-covered altar of Uskayaw.
  7747 | D:10     | Found a staircase to the Lair.
  7841 | D:10     | Reached XP level 12. HP: 65/65 MP: 21/25
  7900 | D:10     | Noticed Joseph
  7907 | D:10     | Killed Joseph
  8103 | D:11     | Noticed a two-headed ogre
  8110 | D:11     | Killed a two-headed ogre
  8147 | D:11     | Noticed Josephine
  8152 | D:11     | Killed Josephine
  8210 | D:11     | Found a corrupted altar of Lugonu.
  8210 | D:11     | Found a transporter.
  8212 | D:11     | Noticed a red very ugly thing
  8401 | D:11     | Found a transporter.
  8632 | D:11     | Reached skill level 11 in Polearms
  8784 | D:11     | Identified the +3 ring mail of the Blind Marksman {rN+}
  9501 | D:12     | Found a staircase to the Orcish Mines.
  9667 | D:12     | Found Maelyiw's Magic Scroll Emporium.
  9673 | D:12     | Bought a scroll of acquirement for 884 gold pieces
  9748 | D:13     | Noticed Kirke
  9757 | D:13     | Killed Kirke
  9836 | D:13     | Noticed a vault guard
  9845 | D:13     | Killed a vault guard
  9879 | D:13     | Found a gate to the Vaults.
  9879 | D:13     | Noticed a vault guard
  9889 | D:13     | Killed a vault guard
  9890 | D:13     | Reached skill level 12 in Polearms
  9896 | D:13     | Noticed a two-headed ogre
  9900 | D:13     | Killed a two-headed ogre
  9901 | D:13     | Reached XP level 13. HP: 70/70 MP: 27/27
 10026 | D:13     | Noticed a vault guard
 10032 | D:13     | Killed a vault guard
 10033 | D:13     | Reached skill level 10 in Spellcasting
 10057 | D:13     | Noticed a vault guard
 10066 | D:13     | Killed a vault guard
 10171 | D:13     | Noticed Nessos
 10184 | D:13     | Shot with an arrow by Nessos

Illustrated notes

Levels and vault maps discovered:
D:1:      lemuel_arrival_tunnels, layout_loops_ring, kennysheep_pointless_box
D:2:      layout_loops_cross, shapermc_ecumenical_altar_petra,
          minmay_tetromino_o4, uniq_robin
D:3:      layout_loops_cross, mainiacjoe_overflow_concentric_impassable,
          mainiacjoe_overflow_paths, uniq_crazy_yiuf_cottage
D:4:      layout_loops_ring, minmay_door_square, pf_guarded_unrand_delatra
D:5:      layout_loops_ring
D:6:      minmay_skewed_foursquare, layout_loops_ring,
          minmay_temple_entry_mini_moons, serial_shops, nicolae_shop_statue_plus
D:7:      layout_rooms, nicolae_overflow_crystal_walls, kennysheep_mini_moat,
          uniq_menkaure
D:8:      layout_cave_pools, enter_bailey_3, nicolae_take_the_stairs,
          st_stairs_9
D:9:      layout_basic, general_overflow_altar, serial_glass, glass_columns_a,
          glass_columns_c, glass_columns_b, glass_columns_a, glass_columns_a,
          glass_columns_a, glass_columns_a, glass_columns_a, glass_columns_b,
          glass_columns_c, nicolae_kite_square_tiling_tiny, minmay_shop_damaged,
          minmay_between
D:10:     hellmonk_destroyed_diamonds, layout_loops_ring,
          grunt_temple_overflow_open, david_lair_shrubbed,
          hangedman_glass_teeth, lightli_fourway_metalbox, uniq_joseph
D:11:     gammafunk_corrupted_shrine, layout_long_grid, uniq_josephine
D:12:     layout_long_grid, david_orc_1_choice, serial_shops,
          nicolae_diamond_shop, evilmike_minifort
D:13:     layout_basic, lightli_vaults_fourway_checkpoint, uniq_azrael,
          uniq_kirke, uniq_nessos
Temple:   chequers_temple_sunken

Skill      XL: |  1  2  3  4  5  6  7  8  9 10 11 12 13 |
---------------+----------------------------------------+-----
Fighting       | 3 4 5 6 7 8 9 |  9.8
Spellcasting   | 1 2 3 4 5 6 7 8 9 10 | 10.1
Unarmed Combat | 4 5 6 8 10 | 10.9
Polearms       | 9 10 12 | 12.5
Dodging        | |  2.5

Action                     |  1- 3 |  4- 6 |  7- 9 | 10-12 | 13-15 || total
---------------------------+-------+-------+-------+-------+-------++-------
  Melee: Unarmed           |    87 |    21 |       |       |       ||   108
         Bite              |    32 |    30 |    85 |    79 |     8 ||   234
         Club              |       |    59 |   218 |    17 |       ||   294
         Scythe            |       |       |       |   272 |    37 ||   309
  Throw: Dart              |       |       |       |     1 |       ||     1
 Invoke: Renounce Religion |       |       |       |     1 |       ||     1
  Evoke: Wand              |       |       |       |    12 |       ||    12
    Use: Potion            |       |       |     4 |     7 |     1 ||    12
         Scroll            |       |       |    10 |     7 |     2 ||    19
 Armour: Plate armour      |    42 |    37 |   219 |   228 |    19 ||   545
         Robe              |     2 |       |       |       |       ||     2
         Skin              |       |       |       |    69 |       ||    69
  Dodge: Dodged            |    22 |     9 |    46 |   116 |    24 ||   217
  Block: Buckler           |       |    11 |    63 |     2 |       ||    76

Table legend: (Time is in decaauts)
 A = Elapsed time spent in this place.
 B = Non-inter-level travel time spent in this place.
 C = Inter-level travel time spent in this place.
 D = Time resting spent in this place.
 E = Time spent auto-exploring this place.
 F = Levels seen in this place.
 G = Mean time per level.
                   A        B        C        D        E       F      G
               +--------+--------+--------+--------+--------+-----+--------+
         Total |  10454 |   9913 |    541 |     95 |   7586 |  15 |  696.9 |
       Dungeon |  10060 |   9570 |    490 |     92 |   7462 |  13 |  773.8 |
        Temple |     52 |      1 |     51 |      0 |      0 |   1 |   52.0 |
        Bailey |    341 |    341 |      0 |      3 |    124 |   1 |  341.0 |
               +--------+--------+--------+--------+--------+-----+--------+

Top non-repeatable levels by time:
    D:11: 1061 daAuts
     D:1: 967 daAuts
     D:6: 939 daAuts
    D:10: 842 daAuts
     D:9: 812 daAuts
     D:2: 798 daAuts
     D:4: 785 daAuts
     D:8: 771 daAuts
    D:12: 689 daAuts
     D:3: 680 daAuts
     D:5: 634 daAuts
     D:7: 611 daAuts
    D:13: 466 daAuts
  Bailey: 341 daAuts
  Temple: 52 daAuts
